Map: Purity and Industry LE

Players

rawwbone - Winner!

  • Race: Zerg Zerg
  • League: Gold
  • Spawn Location: 12:00

MindHack

  • Race: Zerg Zerg
  • League: Gold
  • Spawn Location: 3:00

VOD

Have the link to the VOD?

Description

Time

  • Played on: April 2, 2020, 5:55 p.m.
  • Length: 12:16
Show
View Real Time Build Order
Export as new Build Order

rawwbone Zerg - Winner!

Build Orders: Hatch First 

Get SALT Encoding   

  12  0:00  Drone  
  13  0:12  Overlord  
  13  0:16  Drone  
  14  0:30  Drone x2  
  16  0:50  Hatchery  
  16  0:53  Drone  
  16  0:57  Drone  
  16  1:00  Drone  
  18  1:16  Spawning Pool  
  18  1:18  Extractor  
  16  1:20  Drone  
  16  1:23  Drone  
  18  1:28  Drone  
  19  1:40  Overlord  
  19  1:54  Drone  
  20  2:04  Queen x2  
  20  2:07  Zergling x4  
  26  2:12  Drone  
  26  2:14  Drone  
  28  2:24  Drone x2  
  30  2:33  Overlord  
  30  2:44  Lair  
  30  2:50  Overlord  
  30  2:51  Queen  
  30  2:53  Drone x2  
  34  3:09  Roach Warren  
  34  3:12  Evolution Chamber  
  32  3:15  Evolution Chamber, Drone x2  
  32  3:17  Drone  
  34  3:25  Drone x3  
  37  3:39  Queen  
  37  3:50  Roach x3  
  37  3:54  Overlord  
  43  3:56  Overlord  
  43  4:05  Overlord  
  43  4:11  Overlord x3  
  43  4:18  Extractor x2  
  41  4:28  Glial Reconstitution  
  41  4:32  Zerg Missile Weapons Level 1  
  41  4:35  Drone x3  
  41  4:36  Drone x3  
  47  4:46  Roach x3  
  53  5:08  Hydralisk Den, Extractor  
  45  5:29  Roach x10  
  59  5:38  Spine Crawler  
  60  5:43  Roach x3  
  58  6:01  Roach  
  58  6:02  Roach x4  
  62  6:16  Roach x4  
  68  6:19  Roach  
  58  6:29  Roach x2  
  60  6:35  Grooved Spines  
  60  6:37  Queen  
  62  6:40  Drone  
  63  6:48  Zerg Missile Weapons Level 2  
  61  7:03  Roach x4  
  69  7:12  Drone x4  
  73  7:36  Drone x8  
  81  7:53  Hydralisk x5  
  91  7:59  Overlord  
  91  8:01  Overlord  
  91  8:13  Spire  
  90  8:39  Hatchery  
  89  8:52  Hydralisk x4  
  89  8:53  Hydralisk x5  
  95  9:26  Roach x6  
  107  9:31  Overlord  
  107  9:32  Overlord x3, Extractor  
  107  9:33  Overlord, Extractor  
  107  9:38  Zerg Flyer Weapons Level 1  
  105  9:44  Overlord  
  105  9:45  Overlord  
  105  9:52  Drone x3  
  108  9:53  Drone  
  108  9:54  Drone x2  
  111  10:09  Hydralisk x2  
  113  10:29  Mutalisk x4  
  113  10:31  Mutalisk  
  123  10:43  Hatchery  
  112  11:17  Hatchery  
  111  11:38  Roach x15  
Show
View Real Time Build Order
Export as new Build Order

MindHack Zerg 

Build Orders: Pool First, Swarm Host 

Get SALT Encoding   

  12  0:02  Drone  
  13  0:13  Drone  
  14  0:20  Extractor  
  14  0:21  Extractor, Drone  
  13  0:22  Drone  
  13  0:27  Overlord  
  16  0:47  Spawning Pool  
  16  0:48  Drone  
  16  0:50  Drone  
  17  0:57  Drone  
  18  1:05  Extractor  
  18  1:07  Drone  
  18  1:22  Hatchery  
  18  1:25  Drone  
  18  1:29  Drone  
  19  1:38  Queen  
  21  1:42  Drone  
  22  1:50  Overlord  
  22  2:10  Zergling x2  
  22  2:11  Metabolic Boost  
  23  2:24  Queen  
  25  2:34  Queen  
  27  2:49  Zergling x16  
  35  3:11  Evolution Chamber  
  34  3:23  Drone x2  
  34  3:24  Overlord x2  
  34  3:25  Overlord  
  35  4:03  Zergling x14  
  42  4:18  Zerg Ground Armor Level 1  
  42  4:24  Spine Crawler  
  41  4:27  Zergling x8  
  45  4:31  Spore Crawler  
  45  4:34  Spore Crawler, Drone  
  45  4:35  Drone  
  45  4:48  Drone x3  
  48  4:56  Spore Crawler  
  47  5:04  Zergling x12  
  53  5:15  Spine Crawler  
  43  6:09  Zergling x26  
  55  6:18  Zergling x2, Spine Crawler  
  43  6:29  Zergling x4  
  43  6:39  Lair  
  43  6:40  Drone x2  
  45  6:53  Drone  
  45  6:54  Drone x2  
  48  7:03  Zerg Melee Weapons Level 1  
  48  7:26  Zergling x8  
  48  7:27  Zergling x6  
  55  7:41  Overseer  
  55  8:00  Pneumatized Carapace  
  55  8:02  Drone x4  
  58  8:50  Spine Crawler  
  58  8:53  Zergling x6  
  48  9:04  Zergling x2  
  48  9:05  Zergling x22  
  59  9:18  Zerg Melee Weapons Level 2  
  59  9:39  Overlord x4  
  59  9:44  Hatchery  
  58  9:48  Zergling x2  
  59  9:56  Overlord  
  59  10:02  Zergling x12  
  59  10:03  Zergling x4  
  63  10:19  Zergling x14  
  63  10:20  Zergling x2  
  49  10:34  Spine Crawler  
  48  10:38  Infestation Pit  
  47  10:52  Baneling Nest  
  42  11:10  Zergling x6  
  42  11:11  Zergling x6, Spine Crawler  
  47  11:26  Swarm Host x4  
  36  11:53  Evolution Chamber  
  32  11:55  Spine Crawler  
  22  12:06  Spine Crawler  
Tags
 
Add a new tag
Caveats
  • Supply blocks, unpowered buildings, or Contaminate may cause inaccurate times.
  • Supply counts are checked every 10 seconds.